 Dungeon Crawl Stone Soup version 0.20.1-1-g8b1a95d (webtiles) character file.

74 OneorTwo the Grave Robber (level 4, -3/27 HPs)
             Began as an Octopode Necromancer on July 25, 2017.
             Slain by a hobgoblin
             ... wielding a +0 club
             ... led by Robin
              (5 damage)
             ... on level 2 of the Dungeon.
             The game lasted 00:21:49 (2114 turns).

OneorTwo the Grave Robber (Octopode Necromancer)    Turns: 2114, Time: 00:21:49

Health: -3/27      AC:  1    Str:  7    XL:     4   Next: 28%
Magic:  3/8        EV: 14    Int: 18    God:
Gold:   105        SH:  0    Dex: 15    Spells: 4/8 levels left

rFire    . . .     SeeInvis .   c - +0 whip
rCold    . . .     Gourm    .   (no shield)
rNeg     . . .     Faith    .   (helmet restricted)
rPois    .         Spirit   .   g - amulet of magic regeneration
rElec    .         Reflect  .   f - +3 ring of dexterity
rCorr    .         Harm     .   (no ring)
MR       .....                  (no ring)
Stlth    +++.......             (no ring)
Regen    0.1/turn               (no ring)
MPRegen  0.2/turn               (no ring)
                                (no ring)
                                (no ring)

@: no status effects
A: almost no armour, stealthy swim, amphibious, 8 rings, constrict 8, camouflage
1, gelatinous body 1
a: no special abilities


You were on level 2 of the Dungeon.
You were not hungry.

You visited 1 branch of the dungeon, and saw 2 of its levels.

You collected 105 gold pieces.

Inventory:

Hand Weapons
 c - a +0 whip (weapon)
 e - a +0 club
 j - a +0 hunting sling
 k - a +0 whip
 p - a +0 short sword
Missiles
 d - 22 poisoned needles (quivered)
 l - 27 stones
 m - 53 bolts
Armour
 o - a +0 scale mail
 q - a +0 ring mail
Jewellery
 f - a +3 ring of dexterity (left tentacle)
 g - an amulet of magic regeneration (around mantle)
Wands
 r - a wand of confusion (8/48)
Scrolls
 s - a scroll of recharging
Books
 a - a book of Necromancy

   Spells                             Type                      Level
   a - Pain                           Necromancy                   1
   b - Animate Skeleton               Necromancy                   1
   c - Vampiric Draining              Necromancy                   3
   d - Regeneration                   Charms/Necromancy            3
   e - Animate Dead                   Necromancy                   4
   f - Control Undead                 Necromancy                   4
Comestibles
 b - a bread ration
 h - a meat ration
 i - a fruit


   Skills:
 + Level 0.2 Fighting
 + Level 2.4 Dodging
 + Level 2.9 Stealth
 + Level 2.6 Spellcasting
 + Level 4.9 Necromancy


You had 4 spell levels left.
You knew the following spells:

 Your Spells              Type           Power        Failure   Level  Hunger
a - Pain                  Necr           ###.         2%          1    #......
b - Vampiric Draining     Necr           ###.......   7%          3    ###....


Dungeon Overview and Level Annotations

Branches:
Dungeon (2/15)

Altars:

Annotations:
D:2 Robin


Innate Abilities, Weirdness & Mutations

You cannot wear most types of armour.
You are very stealthy in the water. (Stealth+)
You are amphibious.
You can wear up to eight rings at the same time.
You can use your tentacles to constrict eight enemies at once.
Your skin changes colour to match your surroundings (Stealth+).
Your rubbery body absorbs attacks. (AC +1, EV +1)


Message History

Robin resists with significant effort.
Evoking this partially-identified wand wasted a few charges.
Robin misses you.
Evoke which item? (* to show all) (? for menu, Esc to quit)
Aiming: Confuse (will waste charges)
Press: ? - help, Shift-Dir - straight line, f/p - Robin
Aim: Robin, wielding a whip, wearing an animal skin and wearing a helmet (heavily wounded, chance to defeat MR: 54%) Robin appears confused.
Evoking this partially-identified wand wasted a few charges.
Robin gestures wildly.
There are monsters nearby!
Things that are here:
a club; a goblin corpse x2
You see here a stone.
Tossing away (i - inventory. (,) - cycle):
d - 23 poisoned needles (quivered)
Press: ? - help, Shift-Dir - straight line, f - hobgoblin
Aim: a hobgoblin, wielding a club You toss away a poisoned needle.
The poisoned needle hits the hobgoblin.
The hobgoblin hits you with a club.
You die...

#...................
############.#######
#.# #.# #.#
##########.#
#..........#
#.########## #@# #g#
#########(#
#.......#)#
....g...#.#
..g.†...#)#######
#....#))......
g..#g...........
gg.S.g...........


You could see a hobgoblin.

Vanquished Creatures
  3 adders (D:2)
  2 leopard geckos (D:1)
  4 ball pythons (D:1)
  A giant cockroach (D:1)
  11 goblins
  4 hobgoblins
  5 kobolds
  5 bats
  2 frilled lizards (D:2)
  6 rats
43 creatures vanquished.

Notes
Turn   | Place    | Note
-------+----------+-------------------------------------------
     0 | D:1      | OneorTwo the Octopode Necromancer began the quest for the Orb.
     0 | D:1      | Reached XP level 1. HP: 11/11 MP: 3/3
   549 | D:1      | Reached XP level 2. HP: 13/17 MP: 3/5
  1258 | D:1      | Reached XP level 3. HP: 13/21 MP: 2/6
  1534 | D:1      | Learned a level 3 spell: Vampiric Draining
  2062 | D:2      | Noticed Robin
  2083 | D:2      | Reached XP level 4. HP: 19/27 MP: 4/7
  2114 | D:2      | Slain by a hobgoblin

Action                   |  1- 3 |  4- 6 || total
-------------------------+-------+-------++-------
Melee: Whip              |    29 |    19 ||    48
       Constrict         |    10 |     7 ||    17
       Unarmed           |     3 |       ||     3
       Tentacles         |     3 |     4 ||     7
 Cast: Pain              |    40 |       ||    40
       Vampiric Draining |     3 |     2 ||     5
Evoke: Wand              |     1 |     3 ||     4
  Use: Scroll            |     4 |       ||     4
       Potion            |     3 |       ||     3
  Eat: Chunk             |     3 |       ||     3
       Meat ration       |     1 |       ||     1
Armor: Skin              |     5 |     1 ||     6
Dodge: Dodged            |    37 |    18 ||    55
